 Dungeon Crawl Stone Soup version 0.27.1-2-g3b301248ec (webtiles) character file.

Game seed: 9077707487678999908

1087 DoubleLucky the Summoner (level 8, -4/48 HPs)
             Began as a Tengu Summoner on Sept 26, 2021.
             Engulfed by a steam dragon's steam (8 damage)
             ... on level 7 of the Dungeon on Sept 27, 2021.
             The game lasted 00:44:04 (10165 turns).

DoubleLucky the Summoner (Tengu Summoner)          Turns: 10165, Time: 00:44:05

Health: -4/48      AC:  6    Str: 10    XL:     8   Next: 30%
Magic:  9/15       EV: 14    Int: 16    God:
Gold:   152        SH:  0    Dex: 15    Spells: 9/15 levels left

rFire    . . .     SeeInvis .   s - +0 spear
rCold    . . .     Faith    .   (no shield)
rNeg     . . .     Spirit   .   f - +0 leather armour
rPois    .         Reflect  .   (helmet restricted)
rElec    .         Harm     .   w - +2 cloak
rCorr    .         Rampage  .   (no gloves)
Will     .....                  (boots unavailable)
Stlth    ++........             (no amulet)
HPRegen  0.16/turn              (no ring)
MPRegen  0.14/turn              (no ring)

@: flying quickly and evasively, quick
A: beak, talons 3, nimble flight
a: no special abilities


You were on level 7 of the Dungeon.
You visited 1 branch of the dungeon, and saw 7 of its levels.
You also visited: Sewer.

You collected 206 gold pieces.
You spent 54 gold pieces at shops.

Inventory:

Hand Weapons
 b - a +1 dagger of speed
 s - a +0 spear (weapon)
Missiles
 a - 5 atropa-tipped darts
 h - 26 poisoned darts (quivered)
 q - 3 throwing nets
Armour
 f - a +0 leather armour (worn)
 n - the +5 ring mail of Ucorchum {rElec}
   (You found it on level 3 of the Dungeon)

   rElec:     It insulates you from electricity.
 w - a +2 cloak (worn)
Jewellery
 c - a ring of fire
Scrolls
 e - 3 scrolls of enchant armour
 g - 3 scrolls of teleportation
 l - 3 scrolls of enchant weapon {unknown}
 m - a scroll of blinking {unknown}
 p - a scroll of acquirement {unknown}
 t - a scroll of magic mapping {unknown}
 v - a scroll of torment {unknown}
Potions
 d - a potion of haste
 i - a potion of invisibility {unknown}
 k - 3 potions of resistance
 o - a potion of curing
 u - a potion of brilliance {unknown}


   Skills:
 + Level 4.1 Fighting
 - Level 4.0 Polearms
 - Level 2.1 Dodging
 - Level 2.0 Stealth
 - Level 4.4 Spellcasting
 + Level 1.8 Hexes
 + Level 8.0 Summonings


You had 9 spell levels left.
You knew the following spells:

 Your Spells              Type           Power      Damage    Failure   Level
a - Summon Small Mammal   Summ           100%       N/A       1%          1
b - Call Imp              Summ           29%        N/A       1%          2
c - Call Canine Familiar  Summ           29%        N/A       2%          3

Your spell library contained the following spells:

 Spells                   Type           Power      Damage    Failure   Level
 Summon Guardian Golem    Hex/Summ       19%        N/A       9%          3
 Sting                    Tmut/Pois      12%        1d3       22%         1
 Blink                    Tloc           N/A        N/A       32%         2
 Poisonous Vapours        Pois/Air       6%         N/A       32%         2
 Summon Lightning Spire   Summ/Air       16%        N/A       38%         4
 Lesser Beckoning         Tloc           1%         N/A       54%         3
 Animate Dead             Necr           1%         N/A       91%         4
 Olgreb's Toxic Radiance  Pois           3%         N/A       91%         4
 Borgnjor's Vile Clutch   Necr/Erth      1%         N/A       99%         5
 Manifold Assault         Tloc           3%         N/A       99%         5
 Death Channel            Necr           1%         N/A       100%        6


Dungeon Overview and Level Annotations

Branches:
Dungeon (7/15)              Sewer (visited)
 Temple: D:4-7

Altars:

Shops:
D:2 ?   D:3 ?


Innate Abilities, Weirdness & Mutations

You have a beak for a mouth.
You have claws for feet.
Your magical nature lets you fly swiftly and evasively.


Message History

Casting: Call Canine Familiar (dangerous; 2% risk of failure)
Confirm with . or Enter, or press ? or * to list all spells.
A shadowy apparition takes form in the air.
The steam dragon breathes steam at you. The ball of steam hits your hound!!
Your hound dies!
Your hound's corpse disappears in a puff of smoke!
The ball of steam misses you.
Casting: Call Imp (safe; 1% risk of failure)
Confirm with . or Enter, or press ? or * to list all spells.
A beastly little devil appears in a puff of flame.
You are engulfed in a cloud of scalding steam.
Your shadow imp hits the steam dragon.
The steam dragon barely misses you. The steam dragon claws you.
You hit the steam dragon.
You peck the steam dragon, but do no damage.
The steam dragon is moderately wounded.
You are engulfed in a cloud of scalding steam.
Your crimson imp closely misses the steam dragon.
Your shadow imp hits the steam dragon.
The steam dragon bites you. The steam dragon barely misses you.
You hit the steam dragon. You claw the steam dragon.
The steam dragon is severely wounded.
You are engulfed in a cloud of scalding steam.
Your crimson imp barely misses the steam dragon.
Your shadow imp gestures at the steam dragon.
The steam dragon struggles to resist.
The steam dragon bites your shadow imp. The steam dragon claws your shadow imp.
Your shadow imp hits the steam dragon but does no damage.
Your crimson imp hits the steam dragon.
There is a stone staircase leading up here.
You closely miss the steam dragon.
The steam dragon is severely wounded.
The steam dragon breathes steam at you. The ball of steam hits you!
* * * LOW HITPOINT WARNING * * *
Your crimson imp hits the steam dragon but does no damage.
Your shadow imp hits the steam dragon.
You are engulfed in a cloud of scalding steam.
You die...

### #.. ... #..
.... ##.###..##
#.........
.......# #####
#.#....##
......#@D^.....
........55...##
.###.##.##.#...
# #.# # . #..
###


You could see a steam dragon (catching breath, ally target), a friendly crimson
imp (summoned) and a friendly shadow imp (summoned).

Vanquished Creatures
  A black bear (D:6)
  A necrophage (D:6)
  A bullfrog (D:6)
  2 hounds (D:6)
  A scorpion zombie (D:5)
  3 adders
  A white imp (D:5)
  An ufetubus (D:6)
  2 worms
  A dart slug (D:4)
  An orc (D:5)
  2 ball pythons
  3 endoplasms
  A giant cockroach (D:3)
  A goblin (D:2)
  A hobgoblin (D:2)
  7 jackals
  8 kobolds
  2 quokkas (D:1)
  2 bats (D:1)
  2 frilled lizards (D:1)
44 creatures vanquished.

Vanquished Creatures (collateral kills)
  3 yaks
  Menkaure (D:5)
  An ice beast (D:6)
  2 ogres (D:4)
  A kobold brigand (D:6)
  A scorpion (D:3)
  2 hounds
  A bullfrog skeleton (D:5)
  A gnoll shaman (D:4)
  3 orc priests
  5 iguanas (D:5)
  3 adders
  5 gnolls (D:4)
  2 shadow imps
  2 worms
  3 dart slugs
  8 orcs
  9 ball pythons
  6 endoplasms
  3 giant cockroaches
  2 goblins
  9 hobgoblins
  12 jackals
  2 quokkas (D:4)
  3 bats
  4 frilled lizards
  9 kobolds
  4 rats
107 creatures vanquished.

Vanquished Creatures (others)
  19 plants (Sewer)
19 creatures vanquished.

Grand Total: 170 creatures vanquished

Notes
Turn   | Place    | Note
-------+----------+-------------------------------------------
     0 | D:1      | DoubleLucky the Tengu Summoner began the quest for the Orb.
     0 | D:1      | Reached XP level 1. HP: 10/10 MP: 4/4
   157 | D:1      | Reached skill level 5 in Summonings
   193 | D:1      | Reached XP level 2. HP: 5/15 MP: 3/6
   750 | D:1      | Noticed a shining eye
   753 | D:1      | Found a faded altar of an unknown god.
   788 | D:1      | Noticed a floating eye
   792 | D:1      | Noticed a shining eye
   792 | D:1      | Noticed a floating eye
  1274 | D:1      | Learned a level 2 spell: Call Imp
  1299 | D:2      | Found Xyxannala's Magic Scroll Shop.
  1604 | D:2      | Reached XP level 3. HP: 19/19 MP: 0/7
  3083 | D:2      | Bought a scroll of identify for 28 gold pieces
  3436 | D:3      | Reached XP level 4. HP: 24/24 MP: 5/9
  3485 | D:3      | Found a glowing drain.
  3512 | Sewer    | Entered a sewer
  4125 | Sewer    | Reached skill level 6 in Summonings
  5116 | D:3      | Identified the +5 ring mail of Ucorchum {rElec}
  5313 | D:3      | Noticed a scorpion
  5320 | D:3      | Killed a scorpion
  5321 | D:3      | Gained mutation: Your magical nature lets you fly swiftly
                  | and evasively. [Tengu growth]
  5321 | D:3      | Reached XP level 5. HP: 28/28 MP: 4/11
  5388 | D:3      | Found Qiguumaf's Magic Scroll Boutique.
  5396 | D:3      | Bought a scroll of identify for 26 gold pieces
  5587 | D:4      | Noticed an ogre
  5613 | D:4      | Killed an ogre
  5726 | D:4      | Learned a level 3 spell: Call Canine Familiar
  5844 | D:4      | Noticed an ogre
  5851 | D:4      | Killed an ogre
  5852 | D:4      | Reached XP level 6. HP: 32/32 MP: 6/13
  6004 | D:4      | Reached skill level 7 in Summonings
  6652 | D:4      | Reached skill level 1 in Polearms
  6840 | D:5      | Entered Level 5 of the Dungeon
  7190 | D:5      | Noticed a yak
  7190 | D:5      | Noticed a yak
  7193 | D:5      | Noticed a yak
  7208 | D:5      | Killed a yak
  7209 | D:5      | Reached skill level 1 in Fighting
  7209 | D:5      | Reached XP level 7. HP: 38/38 MP: 5/14
  7280 | D:4      | Killed a yak
  7429 | D:4      | Killed a yak
  7651 | D:5      | Noticed Menkaure
  7663 | D:5      | Killed Menkaure
  9186 | D:6      | Reached skill level 1 in Hexes
  9186 | D:6      | Reached XP level 8. HP: 46/46 MP: 12/15
  9686 | D:6      | Reached skill level 8 in Summonings
 10165 | D:7      | Engulfed by a steam dragon's steam

Illustrated notes

Levels and vault maps discovered:
D:1:      dpeg_arrival_snail, layout_basic,
          hellmonk_ecumenical_altar_watching_god, serial_bayou_pond_c,
          minmay_misc_feat_nine_boxes
D:2:      layout_loops_corners, serial_shops, shop, eino_tiny_chamber,
          amcnicky_mini_rare_corridor_liquid, hangedman_glass_teeth
D:3:      minmay_octagon_keep, layout_basic, serial_shops, nicolae_shop_trees,
          cheibrodos_sewer_entry_sluice, grunt_ministairs_9
D:4:      layout_basic
D:5:      layout_basic, uniq_menkaure
D:6:      layout_basic
D:7:      nzn_winding_woodlands_stair_cross
          [nzn_winding_woodlands_5x15_split_checker,
          nzn_winding_woodlands_center_garden,
          nzn_winding_woodlands_5x15_crooked, nzn_winding_woodlands_5x5_default,
          nzn_winding_woodlands_hourglass, nzn_winding_woodlands_5x15_zeroes,
          nzn_winding_woodlands_center_triple_pond,
          nzn_winding_woodlands_5x15_longhouse], layout_loops_ring,
          minmay_temple_entry_hall, uniq_harold

Skill      XL: |  1  2  3  4  5  6  7  8 |
---------------+-------------------------+-----
Summonings     | 5 6 7 8 |  8.0
Spellcasting   | 3 4 |  4.4
Polearms       | 2 4 |  4.0
Fighting       | 1 3 4 |  4.1
Hexes          | 1 |  1.8
Dodging        | |  2.1
Stealth        | |  2.0

Action                   |  1- 3 |  4- 6 |  7- 9 || total
-------------------------+-------+-------+-------++-------
Melee: Dagger            |    81 |    54 |       ||   135
       Kick              |    18 |    15 |     5 ||    38
       Peck              |    10 |     7 |     4 ||    21
       Spear             |       |    19 |    59 ||    78
Throw: Dart              |       |     2 |       ||     2
 Cast: Summon Small Mamm |    62 |    88 |    27 ||   177
       Call Imp          |     6 |    44 |    33 ||    83
       Call Canine Famil |       |    11 |    23 ||    34
  Use: Scroll            |     3 |     4 |     2 ||     9
       Potion            |     1 |       |       ||     1
 Stab: Sleeping          |     1 |       |       ||     1
       Distracted        |     1 |     2 |     2 ||     5
Armor: Robe              |    18 |       |       ||    18
       Leather armour    |    12 |    16 |    11 ||    39
Dodge: Dodged            |    55 |    40 |    34 ||   129
